 Dungeon Crawl Stone Soup version 0.21.0-24-g2553a3340b (webtiles) character file.

309 KamiKatze the Chopper (level 6, -3/39 HPs)
             Began as a Gargoyle Berserker on Jan 20, 2018.
             Was a Believer of Trog.
             Slain by an ogre
             ... wielding a +0 giant club
              (19 damage)
             ... on level 4 of the Dungeon.
             The game lasted 00:09:10 (3031 turns).

KamiKatze the Chopper (Gargoyle Berserker)          Turns: 3031, Time: 00:09:10

Health: -3/39      AC: 11    Str: 22    XL:     6   Next: 41%
Magic:  6/6        EV: 11    Int:  8    God:    Trog [**....]
Gold:   209        SH:  0    Dex:  9    Spells: 5/5 levels left

rFire    . . .     SeeInvis .   a - +0 hand axe
rCold    . . .     Gourm    .   (no shield)
rNeg     + . .     Faith    .   p - +0 ring mail
rPois    ∞         Spirit   .   b - +0 helmet (curse)
rElec    +         Reflect  .   (no cloak)
rCorr    .         Harm     .   (no gloves)
MR       .....                  (no boots)
Stlth    ..........             (no amulet)
HPRegen  0.13/turn              (no ring)
MPRegen  0.10/turn              (no ring)

@: no status effects
A: negative energy resistance 1, electricity resistance, unbreathing,
petrification resistance, rot immunity, AC +4
a: Berserk, Trog's Hand, Burn Spellbooks, Renounce Religion


You were on level 4 of the Dungeon.
You worshipped Trog.
Trog was pleased with you.
You were not hungry.

You visited 2 branches of the dungeon, and saw 5 of its levels.

You collected 209 gold pieces.

Inventory:

Hand Weapons
 a - a +0 hand axe (weapon)
 o - a +0 flail
 r - a +0 war axe
Missiles
 l - 2 throwing nets (quivered)
Armour
 b - a cursed +0 helmet (worn)
 f - a +0 scale mail
 p - a +0 ring mail (worn)
Jewellery
 v - an uncursed amulet of the gourmand {unknown}
Scrolls
 d - a scroll of remove curse {unknown}
 g - a scroll of random uselessness {unknown}
 j - 2 scrolls of amnesia {unknown}
 k - 3 scrolls of teleportation {unknown}
 m - 2 scrolls of immolation
 t - a scroll of blinking {unknown}
 u - a scroll of magic mapping {unknown}
Potions
 e - 3 potions of curing
 h - a potion of agility {unknown}
 i - a potion of might
 n - a potion of mutation {unknown}
 q - 2 potions of heal wounds
 s - a potion of lignification {unknown}
Comestibles
 c - 7 rations
 w - 6 chunks of flesh


   Skills:
 + Level 4.4 Fighting
 * Level 4.5 Axes
 + Level 3.6 Armour
 + Level 2.7 Dodging


You had 5 spell levels left.
You didn't know any spells.

Dungeon Overview and Level Annotations

Branches:
Dungeon (4/15)             Temple (1/1) D:4

Altars:
Ashenzari
Dithmenos
Elyvilon
Fedhas
Gozag
Hepliaklqana
Nemelex Xobeh
Okawaru
Qazlal
Ru
Sif Muna
Trog
Vehumet
Wu Jian
Xom
Yredelemnul
Zin
The Shining One

Annotations:
D:3 Sigmund


Innate Abilities, Weirdness & Mutations

You are resistant to torment.
Your stone body is resilient. (AC +4)
You are immune to poison.
You resist negative energy. (rN+)
You are resistant to electric shocks. (rElec)
You can survive without breathing.
You are immune to petrification.
You are immune to rotting.


Message History

There is an open door here.
c - 7 rations (gained 1)
An ogre comes into view. It is wielding a giant club.
You hit the ogre but do no damage. The ogre hits you with a giant club.
You closely miss the ogre. The ogre completely misses you.
You hit the ogre.
The ogre is lightly wounded.
The ogre closely misses you.
You hit the ogre.
The ogre is moderately wounded.
The ogre hits you with a giant club!
You hit the ogre.
The ogre is heavily wounded.
You hit the ogre.
The ogre is heavily wounded.
The ogre hits you with a giant club!
You hit the ogre.
The ogre is heavily wounded.
The ogre hits you with a giant club!!
You die...

#########
#.......#..
#.......#.. ##
#.......'.# #.
#.......#
.####.##
#..@O...###
.......
#.......'..
.......
#.......###
###.#Z
########'#+###
#.....
#........#
#####.....
#.########
.........)
##.#.#
#####....
#....# #....
####.########
#######o...


You could see an ogre.

Vanquished Creatures
  An ogre (D:4)
  A bullfrog skeleton (D:4)
  Natasha (thrice) (D:3)
  Terence (D:2)
  2 adders
  An ooze (D:3)
  An adder skeleton (D:4)
  2 worms
  A dart slug (D:1)
  2 leopard geckos
  3 orcs (D:3)
  8 bats
  A giant cockroach (D:2)
  2 gnoll zombies (D:3)
  6 goblins
  6 hobgoblins
  4 jackals (D:2)
  9 kobolds
  A quokka (D:4)
  4 frilled lizards
  3 rats
62 creatures vanquished.

Notes
Turn   | Place    | Note
-------+----------+-------------------------------------------
     0 | D:1      | KamiKatze the Gargoyle Berserker began the quest for the Orb.
     0 | D:1      | Reached XP level 1. HP: 14/14 MP: 1/1
   174 | D:1      | Found a shattered altar of Ashenzari.
   193 | D:1      | Reached XP level 2. HP: 18/19 MP: 2/2
   793 | D:1      | Reached XP level 3. HP: 8/23 MP: 3/3
  1068 | D:2      | Noticed Terence
  1075 | D:2      | Killed Terence
  1075 | D:2      | Reached XP level 4. HP: 29/29 MP: 4/4
  1139 | D:2      | Reached ** piety under Trog
  1539 | D:3      | Noticed Sigmund
  1727 | D:3      | Noticed Natasha
  1735 | D:3      | Killed Natasha
  1735 | D:3      | Reached XP level 5. HP: 33/33 MP: 5/5
  1833 | D:3      | Noticed Natasha
  1861 | D:3      | Killed Natasha
  1963 | D:3      | Found a basalt altar of Yredelemnul.
  2116 | D:3      | Noticed Natasha
  2129 | D:3      | Killed Natasha
  2407 | D:3      | Found a hazy altar of Hepliaklqana.
  2614 | D:4      | Reached XP level 6. HP: 29/38 MP: 6/6
  2619 | D:4      | Found a staircase to the Ecumenical Temple.
  2628 | Temple   | Entered the Ecumenical Temple
  3031 | D:4      | Slain by an ogre

Skill      XL: |  1  2  3  4  5 |
---------------+----------------+-----
Axes           | 3 4 |  4.5
Dodging        | 2 |  2.7
Armour         | 3 |  3.6
Fighting       | 4 |  4.4

Action                   |  1- 3 |  4- 6 || total
-------------------------+-------+-------++-------
Melee: Hand axe          |   105 |   175 ||   280
Invok: Berserk           |     1 |     4 ||     5
  Use: Scroll            |       |     5 ||     5
  Eat: Chunk             |     1 |     7 ||     8
       Ration            |       |     1 ||     1
Armor: Animal skin       |    28 |       ||    28
       Scale mail        |    18 |     1 ||    19
       Ring mail         |       |    67 ||    67
Dodge: Dodged            |    81 |    76 ||   157
